 Dungeon Crawl Stone Soup version 0.28-a0-1152-g9c71ebef14 (webtiles) character file.

Game seed: 5807721957501843325

61 gimp the Cutter (level 4, 0/27 HPs)
             Began as a Tengu Wanderer on Dec 14, 2021.
             Succumbed to an adder's poison
             ... on level 2 of the Dungeon.
             The game lasted 00:02:48 (2523 turns).

gimp the Cutter (Tengu Wanderer)                    Turns: 2523, Time: 00:02:48

Health: 0/27       AC:  2    Str: 10    XL:     4   Next: 7%
Magic:  5/5        EV: 11    Int: 15    God:
Gold:   35         SH:  0    Dex: 15    Spells: 3/3 levels left

rFire   . . .      SeeInvis .   a - +0 short sword
rCold   . . .      Faith    .   (no shield)
rNeg    . . .      Spirit   .   d - +0 robe
rPois   .          Reflect  .   (helmet restricted)
rElec   .          Harm     .   (no cloak)
rCorr   .          Rampage  .   (no gloves)
Will    .....                   (boots unavailable)
Stlth   ++........              (no amulet)
HPRegen 0.09/turn               (no ring)
MPRegen 0.09/turn               (no ring)

@: lethally poisoned (0 -> -3), invisible
A: beak, talons 3
a: no special abilities


You were on level 2 of the Dungeon.
You visited 1 branch of the dungeon, and saw 2 of its levels.

You collected 35 gold pieces.

Inventory:

Hand Weapons
 a - a +0 short sword (weapon)
 h - a +0 dagger
Armour
 d - a +0 robe (worn)
Magical Staves
 g - a staff of air
Scrolls
 c - a scroll of teleportation
 f - a scroll of silence {unknown}
Miscellaneous
 b - a lightning rod (4/4) (quivered)


   Skills:
 + Level 2.9 Fighting
 * Level 4.0 Short Blades
 - Level 2.1 Axes
 - Level 1.1 Armour
 - Level 1.0 Stealth
 - Level 2.0 Evocations


You had 3 spell levels left.
You didn't know any spells.
Your spell library contained the following spells:

 Spells                   Type           Power      Damage    Failure   Level
 Blink                    Tloc           0%         N/A       38%         2
 Lesser Beckoning         Tloc           0%         N/A       63%         3
 Manifold Assault         Tloc           0%         N/A       100%        5


Dungeon Overview and Level Annotations

Branches:
Dungeon (2/15)

Altars:


Innate Abilities, Weirdness & Mutations

You have a beak for a mouth.
You have claws for feet.


Message History

You closely miss the adder. Your kick misses the adder.
The adder is moderately wounded.
You feel sick. The adder bites you.
You are more poisoned.
The adder poisons you!
You take 4 damage, and have 14/22 hp.
You hit the adder.
The adder is severely wounded.
You feel sick. The adder bites you.
You are lethally poisoned!
The adder poisons you!
You take 3 damage, and have 11/22 hp.
You are too injured to fight recklessly!
It was a potion of invisibility.
You fade into invisibility!
You feel very sick. The adder bites you.
You take 4 damage, and have 7/22 hp.
You catch the helpless adder completely off-guard!
You puncture the adder!
You kill the adder!
* * * LOW HITPOINT WARNING * * *
You feel sick.
Your Short Blades skill increases to level 4!
You have reached level 4!
You feel agile.
MP restored: 5
* * * LOW HITPOINT WARNING * * *
You feel sick.
You take 2 damage, and have 5/27 hp.
* * * LOW HITPOINT WARNING * * *
You feel sick. The ball python barely misses you.
You take 1 damage, and have 4/27 hp.
* * * LOW HITPOINT WARNING * * *
You feel sick.
You take 2 damage, and have 2/27 hp.
* * * LOW HITPOINT WARNING * * *
You feel sick.
You take 1 damage, and have 1/27 hp.
You die...

##########..###..
............#?#.##
#...######.#....).??# #...#
#.#S.##.⌠.##..# #...#
#.#.##[......# #...#
#.#..##.# #...# #S##....##
#...# #........#
################@.....#....#
.................##...###....
.................###..## ....
.................###.... ##.
.###############........# .#
#...# ######.### .# #...# .#
)# #...# .# #...#


You could see a ball python.

Vanquished Creatures
  An adder (D:2)
  5 dart slugs (D:1)
  4 ball pythons
  4 endoplasms (D:2)
  3 giant cockroaches
  4 hobgoblins
  4 kobolds
  3 quokkas
  4 bats
  3 frilled lizards
  4 goblins
  A rat (D:1)
40 creatures vanquished.

Notes
Turn   | Place    | Note
-------+----------+-------------------------------------------
     0 | D:1      | gimp the Tengu Wanderer began the quest for the Orb.
     0 | D:1      | gimp set off with the following items: a +0 short sword, a
                  | lightning rod (4/4), a scroll of teleportation, a +0 robe
     0 | D:1      | Reached XP level 1. HP: 12/12 MP: 2/2
    71 | D:1      | Found a faded altar of an unknown god.
   466 | D:1      | Reached XP level 2. HP: 17/17 MP: 3/3
   622 | D:1      | Reached skill level 3 in Short Blades
  1064 | D:1      | Reached XP level 3. HP: 20/22 MP: 4/4
  2519 | D:2      | Reached skill level 4 in Short Blades
  2519 | D:2      | Reached XP level 4. HP: 7/27 MP: 5/5
  2522 | D:2      | HP: 1/27 [poisoned by an adder]
  2523 | D:2      | Succumbed to an adder's poison

Illustrated notes

Levels and vault maps discovered:
D:1:      dpeg_arrival_snail, layout_loops_corners,
          dreamdust_ecumenical_altar_statues
D:2:      layout_loops_ring, serial_co_window_serial, co_window_corner_a,
          co_window_corner_a, co_window_of_opportunity_a, co_window_corner_a,
          co_window_paths_a, co_window_corner_a, co_window_corner_ca,
          co_window_corner_ca, co_window_of_opportunity_c, co_window_cross_3,
          co_window_4corner_a, glass_columns_c, glass_columns_a,
          glass_columns_b, glass_columns_b, glass_columns_c,
          minmay_misc_feat_columns, minmay_hexomino_u4

Skill      XL: |  1  2  3 |
---------------+----------+-----
Short Blades   | 3 4 |  4.0
Fighting       | |  2.9
Axes           | |  2.1
Armour         | |  1.1
Stealth        | |  1.0
Evocations     | |  2.0

Action                   |  1- 3 |  4- 6 || total
-------------------------+-------+-------++-------
Melee: Short sword       |    90 |       ||    90
       Peck              |     8 |       ||     8
       Kick              |    18 |       ||    18
  Use: Potion            |     1 |       ||     1
 Stab: Sleeping          |     4 |       ||     4
       Invisible         |     1 |       ||     1
Armor: Robe              |    18 |       ||    18
Dodge: Dodged            |    42 |     1 ||    43

Table legend: (Time is in decaauts)
 A = Elapsed time spent in this place.
 B = Non-inter-level travel time spent in this place.
 C = Inter-level travel time spent in this place.
 D = Time resting spent in this place.
 E = Time spent auto-exploring this place.
 F = Levels seen in this place.
 G = Mean time per level.
                   A        B        C        D        E       F      G
               +--------+--------+--------+--------+--------+-----+--------+
         Total |   2517 |   2507 |     10 |      0 |   2221 |   2 | 1258.5 |
       Dungeon |   2517 |   2507 |     10 |      0 |   2221 |   2 | 1258.5 |
               +--------+--------+--------+--------+--------+-----+--------+

Top non-repeatable levels by time:
     D:1: 1484 daAuts
     D:2: 1032 daAuts
